 Dungeon Crawl Stone Soup version 0.28-a0-919-g0b5b508569 (webtiles) character file.

Game seed: 2877222250106207836

26581 enile the Fighter (level 13, -2/114 HPs)
             Began as a Barachi Fighter on Nov 25, 2021.
             Was the Champion of Jiyva.
             Slain by a death yak simulacrum (41 damage)
             ... in a Gauntlet.
             The game lasted 00:47:24 (12151 turns).

enile the Fighter (Barachi Fighter)                Turns: 12151, Time: 00:47:25

Health: -2/114     AC: 21    Str: 20    XL:     13   Next: 26%
Magic:  30/31      EV: 17    Int: 14    God:    Jiyva [******]
Gold:   435        SH:  7    Dex: 23    Spells: 14/24 levels left

rFire   + . .      SeeInvis .   r - +2 falchion (protect)
rCold   . . .      Faith    .   c - +0 buckler
rNeg    . . .      Spirit   .   d - +7 scale mail "Atue" {rF+ Dex+6}
rPois   .          Reflect  .   (no helmet)
rElec   +          Harm     .   (no cloak)
rCorr   +          Rampage  .   (no gloves)
Will    +++..      NoTele   +   (no boots)
Stlth   ++++......              (no amulet)
HPRegen 1.89/turn               y - ring of willpower
MPRegen 0.72/turn               F - ring "Zoemp" {Will+ MP+9 Dex+4}

@: under a protective aura, slow
A: amphibious, slowness 1, strong legs 2, +LOS, iridescent scales 1, clever 2,
strong-willed 1, robust 1, electricity resistance, pseudopods 2, translucent
skin 3, tendrils, jelly absorbing missiles, sturdy frame 1
a: Hop, Renounce Religion, Oozemancy, Slimify


You were in a Gauntlet.
You worshipped Jiyva.
Jiyva was exalted by your worship.
You visited 2 branches of the dungeon, and saw 18 of its levels.
You also visited: Gauntlet.

You collected 555 gold pieces.
You spent 120 gold pieces at shops.

Inventory:

Hand Weapons
 a - a +0 long sword
 r - a +2 falchion of protection (weapon)
 v - a +5 scimitar
Missiles
 s - a datura-tipped dart (quivered)
Armour
 b - a +0 scale mail
 c - a +0 buckler (worn)
 d - the +7 scale mail "Atue" (worn) {rF+ Dex+6}
   (You found it on level 10 of the Dungeon)

   Dex:       It affects your dexterity (+6).
   rF:        It protects you from fire.
 e - a +0 helmet
 i - +0 steam dragon scales
 m - a +0 pair of gloves
 o - a +1 chain mail
Jewellery
 f - a ring of fire
 h - a ring of protection from cold
 p - a ring of protection from cold
 w - a ring of magical power
 x - a ring of magical power
 y - a ring of willpower (left hand)
 F - the ring "Zoemp" (right hand) {Will+ MP+9 Dex+4}
   (You found it in a Gauntlet)

   [ring of magical power]

   Dex:       It affects your dexterity (+4).
   MP:        It affects your magic capacity (+9).
   Will:      It increases your willpower.
Wands
 D - a wand of paralysis (1)
 E - a wand of digging (3)
Scrolls
 g - a scroll of summoning
 k - a scroll of noise
 l - a scroll of fog
 n - 2 scrolls of magic mapping
 q - a scroll of torment
 u - 2 scrolls of fear
 z - 5 scrolls of teleportation
 A - a scroll of blinking
 C - a scroll of identify
Potions
 j - 2 potions of cancellation
 t - 4 potions of curing
 B - a potion of lignification


   Skills:
 + Level 10.4 Fighting
 - Level 10.0 Long Blades
 - Level 4.0 Throwing
 - Level 9.0 Armour
 - Level 9.0 Dodging
 - Level 6.0 Stealth
 - Level 8.0 Shields
 - Level 6.0 Spellcasting
 - Level 9.0 Translocations
 - Level 8.0 Evocations


You had 14 spell levels left.
You knew the following spells:

 Your Spells              Type           Power      Damage    Failure   Level
a - Blink                 Tloc           58%        N/A       1%          2
b - Lesser Beckoning      Tloc           29%        N/A       1%          3
c - Manifold Assault      Tloc           29%        N/A       19%         5

Your spell library contained the following spells:

 Spells                   Type           Power      Damage    Failure   Level
 Shock                    Conj/Air       16%        1d4       26%         1
 Scorch                   Fire           8%         2d5       38%         2
 Conjure Flame            Conj/Fire      4%         6-21      63%         3
 Ignite Poison            Fire/Tmut/Pois 4%         N/A       63%         3
 Swiftness                Air            4%         N/A       63%         3
 Summon Forest            Summ/Tloc      8%         N/A       75%         5
 Airstrike                Air            2%         N/A       95%         4
 Flame Wave               Conj/Fire      4%         3d3       95%         4
 Sticky Flame             Conj/Fire      4%         2d3       95%         4
 Summon Lightning Spire   Summ/Air       4%         N/A       95%         4
 Lightning Bolt           Conj/Air       2%         1d13      100%        5
 Summon Mana Viper        Hex/Summ       4%         N/A       100%        5
 Summon Cactus Giant      Summ           2%         N/A       100%        6


Dungeon Overview and Level Annotations

Branches:
Dungeon (13/15)            Temple (0/1) D:6            Lair (5/6) D:9
 Shoals (0/4) Lair:2        Snake (0/4) Lair:2          Orc (0/2) D:9
Gauntlet (1/1)
  Slime: Lair:5-6    Vaults: D:13-14

Altars:
Cheibriados
Makhleb
Uskayaw
Vehumet
Wu Jian
Xom
Zin
The Shining One
Jiyva

Shops:
D:4 (   D:7 :   D:11 :

Annotations:
D:8 1 runed translucent door, horus123's ghost, novice DEFE
D:9 2 transporters, Woods's ghost, journeyman OpTm Gauntlet 8 transporters


Innate Abilities, Weirdness & Mutations

You are amphibious.
You cover ground slowly.
You can hop long distances.
You have an extended range of vision and can be seen from far away.
You are partially covered in iridescent scales. (AC +2)
Your mind is very acute. (Int +4)
You are strong-willed. (Will+)
You are robust. (+10% HP)
You are resistant to electric shocks. (rElec)
Armour fits poorly on your large pseudopods.
Your transparent skin significantly reduces your foes' accuracy. (Stealth+)
You are covered in slimy tendrils that may disarm your opponents.
You have a small jelly attached to you that may absorb projectiles.
Your movements are slightly less encumbered by armour. (ER -2)


Message History

[Y]es or [N]o only, please.
Really walk into that cloud of freezing vapour?
Okay, then.
You swap places.
You stop calling forth ooze.
The death yak simulacrum barely misses you.
The death yak simulacrum gores you! The death yak simulacrum freezes you!!
* * * LOW HITPOINT WARNING * * *
The azure jelly is engulfed in freezing vapours.
The azure jelly dies!
The death yak returns to its original shape as it dies.
You see here a death yak corpse.
You hit the death yak simulacrum. You bludgeon the death yak simulacrum.
The death yak simulacrum is moderately damaged.
The death yak simulacrum gores you but does no damage.
You slash the death yak simulacrum!
The death yak simulacrum is heavily damaged.
The death yak simulacrum fails to trigger a net trap.
You block the death yak simulacrum's attack.
You hit the death yak simulacrum.
The death yak simulacrum is severely damaged.
You block the death yak simulacrum's attack.
You hit the death yak simulacrum but do no damage.
The death yak simulacrum is severely damaged.
The death yak simulacrum misses you.
You hit the death yak simulacrum.
The death yak simulacrum is severely damaged.
You hear a distant slurping noise.
The death yak simulacrum misses you.
The death yak simulacrum closely misses you.
You hit the death yak simulacrum.
The death yak simulacrum is severely damaged.
You block the death yak simulacrum's attack.
You slash the death yak simulacrum!
The death yak simulacrum vaporises!
You slash the death yak simulacrum!
You bludgeon the death yak simulacrum, but do no damage.
The death yak simulacrum is moderately damaged.
The death yak simulacrum gores you. The death yak simulacrum freezes you!!!
You die...

###...8.#...#...≈8≈....
#.....#.©.#....≈.....
###..###########...####
8#..#....#....#...#...
###..#...#.#...#...#..#
#..#.^#.©.#..#...#.##
###..#.#..#..#.#...#.#.
#8#..##†.#.#..##...#...
##..#@☼#.^.#..#...#.#.
#..#Z#..#..#^#...#.##
#..##..#.#..##...#..
#8#..# )#.©.#?.#...
###..# #########...
#§§§ ............ #§§.
.........≈∩ ####
#########


JJ.JJ You could see a death yak simulacrum and 2 neutral jellies (fellow slime).

Vanquished Creatures
  Harold (D:11)
  A hydra (Lair:2)
  Erica (D:9)
  6 death yaks
  A two-headed ogre (D:11)
  A lindwurm (Lair:3)
  A deep elf pyromancer (D:12)
  A necromancer (Gauntlet)
  An ugly thing (D:12)
  A black mamba (Lair:4)
  An apocalypse crab (Gauntlet)
  3 centaur zombies
  6 cane toads
  A rime drake (Lair:4)
  Maggie (Lair:1)
  2 komodo dragons
  A troll (D:11)
  A hornet (D:11)
  6 blink frogs
  A shadow (D:11)
  Sigmund (D:5)
  A wraith (D:12)
  4 wyverns
  A human (D:9)
  A steam dragon (D:8)
  14 yaks
  2 wargs (D:9)
  A naga (Lair:2)
  An acid dragon (D:12)
  7 water moccasins
  3 sky beasts
  5 orc warriors
  An ice beast (D:5)
  A black bear (Lair:1)
  2 ogres (D:5)
  5 wolves (Lair:5)
  7 centaurs
  2 phantoms
  Blork the orc (D:6)
  8 bullfrogs
  A gnoll sergeant (D:9)
  3 scorpions
  10 wights
  3 killer bees (D:8)
  2 howler monkeys (D:11)
  2 hounds
  8 orc priests
  A bullfrog zombie (D:6)
  A centaur skeleton (D:7)
  2 gnoll shamans
  Jessica (D:3)
  Terence (D:2)
  5 iguanas
  8 orc wizards
  11 gnolls
  4 adders
  A white imp (D:6)
  2 dart slugs
  27 orcs
  6 ball pythons
  3 bats
  2 endoplasms (D:1)
  4 giant cockroaches
  12 goblins
  6 hobgoblins
  8 jackals
  3 quokkas
  2 frilled lizards
  4 kobolds
  8 rats
257 creatures vanquished.

Vanquished Creatures (collateral kills)
  Rupert (Lair:4)
  Josephine (D:11)
  A boulder beetle (Lair:4)
  A cane toad (Lair:1)
  3 yaks (Lair:1)
  3 wraiths (D:11)
  A wight (D:7)
11 creatures vanquished.

Vanquished Creatures (others)
  An azure jelly (Gauntlet)
  3 death yaks (Gauntlet)
  Grinder (D:3)
  A blink frog (Lair:5)
  A yak (Lair:1)
  2 water moccasins
  A centaur (D:10)
  A wolf (Lair:5)
  A kobold brigand (D:10)
  42 jellies
  2 orc priests (D:9)
  An orc wizard (D:9)
  Robin (D:3)
  2 gnolls (D:9)
  2 adders (D:2)
  A dart slug (D:1)
  3 endoplasms
  7 orcs (D:9)
  A giant cockroach (D:2)
  3 hobgoblins
  9 kobolds
  2 bats (D:2)
  A frilled lizard (D:2)
  3 goblins
  A rat (D:1)
  58 fungi
  69 plants
  14 withered plants (Gauntlet)
234 creatures vanquished.

Grand Total: 502 creatures vanquished

Notes
Turn   | Place    | Note
-------+----------+-------------------------------------------
     0 | D:1      | enile the Barachi Fighter began the quest for the Orb.
     0 | D:1      | Reached XP level 1. HP: 18/18 MP: 1/1
   153 | D:1      | Reached XP level 2. HP: 25/25 MP: 2/2
   342 | D:1      | Reached XP level 3. HP: 29/32 MP: 3/3
   346 | D:1      | Reached skill level 5 in Fighting
   545 | D:1      | Found a faded altar of an unknown god.
   568 | D:1      | Prayed at the altar of an unknown god.
   568 | D:1      | Became a worshipper of Jiyva Juleshan the Shapeless
   568 | D:1      | Reached * piety under Jiyva
   949 | D:2      | Reached ** piety under Jiyva
   998 | D:2      | Reached XP level 4. HP: 36/39 MP: 4/4
  1072 | D:2      | Noticed Terence
  1084 | D:2      | Killed Terence
  1085 | D:2      | Reached skill level 1 in Evocations
  1106 | D:2      | Reached XP level 5. HP: 44/44 MP: 5/5
  1743 | D:3      | Noticed Jessica
  1756 | D:3      | Killed Jessica
  1833 | D:3      | Found a shimmering altar of Xom.
  1836 | D:3      | Found a shimmering altar of Xom.
  1836 | D:3      | Found a shimmering altar of Xom.
  1852 | D:3      | Reached *** piety under Jiyva
  1905 | D:3      | Found a burning altar of Makhleb.
  1918 | D:3      | Noticed Grinder
  1919 | D:3      | Noticed Robin
  1940 | D:3      | Reached skill level 5 in Armour
  2108 | D:3      | Killed Grinder
  2114 | D:3      | Killed Robin
  2228 | D:3      | Gained mutation: Your translucent skin slightly reduces
                  | your foes' accuracy. (Stealth+) [Jiyva's grace]
  2228 | D:3      | Gained mutation: Your translucent skin reduces your foes'
                  | accuracy. (Stealth+) [Jiyva's grace]
  2228 | D:3      | Gained mutation: Your transparent skin significantly
                  | reduces your foes' accuracy. (Stealth+) [Jiyva's grace]
  2228 | D:3      | Gained mutation: You are robust. (+10% HP) [Jiyva's grace]
  2341 | D:4      | Reached skill level 5 in Long Blades
  2341 | D:4      | Reached XP level 6. HP: 28/56 MP: 6/6
  2467 | D:4      | Reached **** piety under Jiyva
  2626 | D:4      | Found Ciaschecs's Antique Weapon Shoppe.
  2946 | D:5      | Entered Level 5 of the Dungeon
  2957 | D:5      | Reached XP level 7. HP: 41/61 MP: 7/7
  3077 | D:5      | Noticed Sigmund
  3107 | D:5      | Killed Sigmund
  3119 | D:5      | Found an ornate altar of the Wu Jian Council.
  3140 | D:5      | Reached XP level 8. HP: 70/70 MP: 8/8
  3185 | D:5      | Found a glowing golden altar of the Shining One.
  3459 | D:5      | Found a snail-covered altar of Cheibriados.
  3496 | D:6      | Noticed Blork the orc
  3501 | D:6      | Killed Blork the orc
  3502 | D:6      | Reached skill level 5 in Shields
  3969 | D:6      | Found a staircase to the Ecumenical Temple.
  4077 | D:6      | Gained mutation: You have a pair of small horns on your
                  | head. [Jiyva's grace]
  4077 | D:6      | Gained mutation: You have a pair of horns on your head.
                  | [Jiyva's grace]
  4077 | D:6      | Gained mutation: You have a pair of large horns on your
                  | head. [Jiyva's grace]
  4077 | D:6      | Gained mutation: Armour fits poorly on your pseudopods.
                  | [Jiyva's grace]
  4308 | D:4      | Bought a runed falchion for 120 gold pieces
  4332 | D:7      | Reached ***** piety under Jiyva
  4341 | D:7      | Found Yprilul's Book Boutique.
  4487 | D:6      | Reached XP level 9. HP: 49/72 MP: 9/9
  5246 | D:8      | Found a runed translucent door.
  5433 | D:8      | Found a shimmering altar of Xom.
  5433 | D:8      | Noticed a +2 dagger of chaos
  5433 | D:8      | Noticed horus123's ghost (novice DEFE)
  5736 | D:8      | Lost mutation: Armour fits poorly on your pseudopods.
                  | [Jiyva's grace]
  5736 | D:8      | Lost mutation: Your transparent skin significantly reduces
                  | your foes' accuracy. (Stealth+) [Jiyva's grace]
  5736 | D:8      | Gained mutation: Armour fits poorly on your pseudopods.
                  | [Jiyva's grace]
  5736 | D:8      | Gained mutation: Armour fits poorly on your large
                  | pseudopods. [Jiyva's grace]
  5736 | D:8      | Gained mutation: Armour fits poorly on your massive
                  | pseudopods. [Jiyva's grace]
  5736 | D:8      | Gained mutation: Your movements are slightly less
                  | encumbered by armour. (ER -2) [Jiyva's grace]
  5749 | D:8      | Reached ****** piety under Jiyva
  6176 | D:9      | Reached skill level 5 in Dodging
  6193 | D:9      | Found a transporter.
  6194 | D:9      | Noticed a two-headed ogre
  6194 | D:9      | Noticed a two-headed ogre
  6194 | D:9      | Noticed a two-headed ogre
  6195 | D:9      | Noticed Woods's ghost (journeyman OpTm)
  6195 | D:9      | Noticed a two-headed ogre
  6198 | D:9      | Found a transporter.
  6266 | D:9      | Reached XP level 10. HP: 65/86 MP: 10/10
  6343 | D:9      | Found a staircase to the Orcish Mines.
  6359 | D:9      | Reached skill level 5 in Evocations
  6375 | D:9      | Found a staircase to the Lair.
  6452 | D:9      | Noticed Erica
  6459 | D:9      | Killed Erica
  6717 | D:9      | Found a glowing silver altar of Zin.
  6864 | D:10     | Entered Level 10 of the Dungeon
  6895 | D:10     | Identified the +7 scale mail "Atue" {rF+ Dex+6}
  7098 | D:10     | Learned a level 2 spell: Blink
  7440 | D:11     | You fall into a shaft and drop 2 floors!
  7448 | D:13     | Found a radiant altar of Vehumet.
  7469 | D:13     | Noticed a manticore
  7560 | D:12     | Noticed a cyclops
  7579 | D:12     | Noticed an eight-headed hydra
  7585 | D:12     | Noticed a deep elf pyromancer
  7596 | D:12     | Killed a deep elf pyromancer
  7597 | D:12     | Reached skill level 5 in Stealth
  7677 | D:11     | Noticed a two-headed ogre
  7699 | D:11     | Killed a two-headed ogre
  7739 | D:11     | Reached XP level 11. HP: 97/97 MP: 15/15
  7798 | D:11     | Noticed Harold
  7818 | D:11     | Killed Harold
  7863 | D:11     | Noticed Josephine
  7871 | D:11     | Killed Josephine
  7920 | D:11     | Lost mutation: You have a pair of large horns on your head.
                  | [Jiyva's grace]
  7920 | D:11     | Lost mutation: You have a pair of horns on your head.
                  | [Jiyva's grace]
  7920 | D:11     | Lost mutation: You are robust. (+10% HP) [Jiyva's grace]
  7920 | D:11     | Lost mutation: Armour fits poorly on your massive
                  | pseudopods. [Jiyva's grace]
  7920 | D:11     | Lost mutation: Your translucent skin reduces your foes'
                  | accuracy. (Stealth+) [Jiyva's grace]
  7920 | D:11     | Gained mutation: You are robust. (+10% HP) [Jiyva's grace]
  7920 | D:11     | Gained mutation: You are very robust. (+20% HP) [Jiyva's
                  | grace]
  7920 | D:11     | Gained mutation: You are extremely robust. (+30% HP)
                  | [Jiyva's grace]
  7920 | D:11     | Gained mutation: You are resistant to electric shocks.
                  | (rElec) [Jiyva's grace]
  7992 | D:11     | Paralysed by a centaur for 3 turns
  8005 | D:11     | Reached skill level 1 in Throwing
  8194 | D:11     | Found Zeimuch's Book Shoppe.
  8287 | D:11     | Learned a level 3 spell: Lesser Beckoning
  8380 | D:12     | Noticed a cyan ugly thing
  8395 | D:12     | Killed a cyan ugly thing
  8396 | D:12     | Reached skill level 5 in Translocations
  8452 | D:11     | Noticed a two-headed ogre
  8531 | D:11     | Slimified a nine-headed hydra
  8531 | D:11     | a nine-headed hydra changed into a slime creature
  8609 | Lair:1   | Entered Level 1 of the Lair of Beasts
  8708 | Lair:1   | Noticed Maggie
  8722 | Lair:1   | Killed Maggie
  9208 | Lair:2   | Found a staircase to the Shoals.
  9253 | Lair:2   | Noticed a four-headed hydra
  9268 | Lair:2   | Killed a four-headed hydra
  9269 | Lair:2   | Reached XP level 12. HP: 39/123 MP: 16/16
  9349 | Lair:2   | Found a staircase to the Snake Pit.
  9731 | Lair:2   | Reached skill level 10 in Long Blades
  9790 | Lair:2   | Lost mutation: You have a pair of small horns on your head.
                  | [Jiyva's grace]
  9790 | Lair:2   | Lost mutation: You are extremely robust. (+30% HP) [Jiyva's
                  | grace]
  9790 | Lair:2   | Gained mutation: You are covered in slimy tendrils that may
                  | disarm your opponents. [Jiyva's grace]
  9790 | Lair:2   | Gained mutation: Your translucent skin reduces your foes'
                  | accuracy. (Stealth+) [Jiyva's grace]
  9790 | Lair:2   | Gained mutation: Your transparent skin significantly
                  | reduces your foes' accuracy. (Stealth+) [Jiyva's grace]
  9790 | Lair:2   | Gained mutation: You are partially covered in iridescent
                  | scales. (AC +2) [Jiyva's grace]
 10071 | Lair:3   | Reached skill level 10 in Fighting
 10077 | Lair:3   | Learned a level 5 spell: Manifold Assault
 10396 | Lair:3   | Noticed a death yak
 10397 | Lair:3   | Noticed a death yak
 10399 | Lair:3   | Noticed a death yak
 10427 | Lair:3   | Noticed a death yak
 10435 | Lair:3   | Noticed a death yak
 10501 | Lair:2   | Killed a death yak
 10510 | Lair:2   | Killed a death yak
 10557 | Lair:2   | Killed a death yak
 10560 | Lair:2   | Killed a death yak
 10570 | Lair:2   | Killed a death yak
 10571 | Lair:2   | Reached skill level 5 in Spellcasting
 10994 | Lair:4   | Found a hide-covered altar of Uskayaw.
 11358 | Lair:4   | Found an ornate altar of the Wu Jian Council.
 11360 | Lair:4   | Noticed a boulder beetle
 11361 | Lair:4   | Noticed Rupert
 11374 | Lair:4   | Killed Rupert
 11375 | Lair:4   | Gained mutation: You can hop long distances. [Barachi
                  | growth]
 11375 | Lair:4   | Reached XP level 13. HP: 123/123 MP: 19/21
 11541 | Lair:5   | Lost mutation: You are very robust. (+20% HP) [Jiyva's
                  | grace]
 11541 | Lair:5   | Gained mutation: You have a small jelly attached to you
                  | that may absorb projectiles. [Jiyva's grace]
 11541 | Lair:5   | Gained mutation: Your mind is acute. (Int +2) [Jiyva's
                  | grace]
 11541 | Lair:5   | Gained mutation: Your mind is very acute. (Int +4) [Jiyva's
                  | grace]
 11541 | Lair:5   | Gained mutation: You are strong-willed. (Will+) [Jiyva's
                  | grace]
 11544 | Lair:5   | Found a gate leading to a gauntlet.
 11758 | Gauntlet | Entered a Gauntlet
 11758 | Gauntlet | Found a transporter.
 11758 | Gauntlet | Found a transporter.
 11758 | Gauntlet | Found a transporter.
 11781 | Gauntlet | Found a transporter.
 11822 | Gauntlet | Found a transporter.
 11839 | Gauntlet | Found a transporter.
 11848 | Gauntlet | Found a transporter.
 11864 | Gauntlet | Found a transporter.
 11968 | Gauntlet | Found a transporter.
 11971 | Gauntlet | Found a transporter.
 12090 | Gauntlet | Identified the ring "Zoemp" {Will+ MP+9 Dex+4}
 12113 | Gauntlet | Found a transporter.
 12130 | Gauntlet | Noticed an azure jelly
 12130 | Gauntlet | a death yak changed into an azure jelly
 12134 | Gauntlet | Noticed an acid blob
 12134 | Gauntlet | a death yak changed into an acid blob
 12142 | Gauntlet | Killed an azure jelly
 12151 | Gauntlet | Slain by a death yak simulacrum

Illustrated notes

Levels and vault maps discovered:
D:1:      roderic_octagonal_star, layout_basic, nicolae_ecumenical_lake_church
D:2:      kennysheep_six_static_rooms, layout_basic, serial_corexii_hall,
          corexii_hall_statues_s, corexii_hall_statues_i,
          corexii_hall_statues_t, chequers_hall_statues_corner_a,
          chequers_hall_statues_y, corexii_hall_statues_t, uniq_terence
D:3:      layout_basic, xom_redecorated, mainiacjoe_overflow_catwalk,
          corner_web_ring, hangedman_decor_points, kennysheep_generic_room_3,
          uniq_grinder, uniq_jessica, uniq_robin
D:4:      layout_basic, serial_corexii_hall, corexii_hall_statues_l,
          chequers_hall_statues_y, serial_shops, shop
D:5:      layout_rooms, mainiacjoe_overflow_brackets,
          mainiacjoe_overflow_tiny_flanked, nicolae_tso_carved_into_rock,
          minmay_misc_feat_roman, nrook_mini_vaults, lemuel_flamethrower_1,
          uniq_sigmund
D:6:      layout_rooms, minmay_temple_entry_junction_2,
          ebering_dispersal_statue_hall, uniq_blork_the_orc
D:7:      layout_cave_pods, serial_shops, shop, nicolae_benzene_ring
D:8:      layout_cave_pods, ebering_ghost_xom
D:9:      layout_roguey, zin_treasury, lair_entry_dummy, erik_orc_4,
          gammafunk_ghost_smash, uniq_erica
D:10:     layout_loops_ring, kennysheep_generic_room_2
D:11:     layout_basic, serial_shops, kennysheep_mini_moat, uniq_harold,
          uniq_josephine
D:12:     layout_basic, serial_shops, shop, shop
D:13:     layout_loops_ring, grunt_vaults_entry_fortified,
          vehumet_altar_wand_db, uniq_azrael, uniq_jorgrun, uniq_nessos
Lair:1:   layout_big_grid, grunt_megastairs_1, uniq_maggie
Lair:2:   layout_roguey, minmay_shoals_entry_centaurs,
          minmay_snake_entry_guardpost_small
Lair:3:   layout_hall_layers
Lair:4:   layout_loops_ring, st_stairs_8, nzn_masters_of_martial_movement,
          uniq_rupert
Lair:5:   layout_cellular_growth, gauntlet_entry_generic,
          infiniplex_staircase_pool_2, serial_bayou_shore_b, grunt_megastairs_2
Gauntlet: gammafunk_gauntlet_shortcut [nicolae_gauntlet_arena_t_cross,
          gammafunk_gauntlet_arena_arrow_garden,
          gammafunk_gauntlet_arena_spirals, gammafunk_gauntlet_arena_split_x,
          gammafunk_gauntlet_arena_chambers,
          gammafunk_gauntlet_arena_split_diamond, gauntlet_exit_watery]

Skill      XL: |  1  2  3  4  5  6  7  8  9 10 11 12 13 |
---------------+----------------------------------------+-----
Fighting       | 4 5 6 7 9 10 | 10.4
Long Blades    | 3 4 5 6 7 8 9 10 | 10.0
Evocations     | 2 3 4 6 8 |  8.0
Armour         | 4 5 6 7 8 9 |  9.0
Stealth        | 2 4 5 6 |  6.0
Shields        | 4 6 7 8 |  8.0
Dodging        | 3 5 8 9 |  9.0
Translocations | 3 5 8 9 |  9.0
Spellcasting   | 3 5 6 |  6.0
Throwing       | 4 |  4.0

Action                   |  1- 3 |  4- 6 |  7- 9 | 10-12 | 13-15 || total
-------------------------+-------+-------+-------+-------+-------++-------
Melee: Long sword        |   109 |   146 |   132 |       |       ||   387
       Falchion          |       |       |   173 |   604 |   124 ||   901
       Headbutt          |       |       |    36 |   117 |       ||   153
       Pseudopods        |       |       |    33 |   188 |    43 ||   264
Throw: Throwing net      |       |       |       |     2 |       ||     2
       Dart              |       |       |       |       |     2 ||     2
 Cast: Blink             |       |       |       |     2 |       ||     2
       Manifold Assault  |       |       |       |     1 |     1 ||     2
Invok: Oozemancy         |       |       |     1 |     3 |     1 ||     5
       Slimify           |       |       |       |     2 |     2 ||     4
 Abil: Hop               |       |     2 |     5 |     5 |       ||    12
Evoke: Wand              |       |       |    11 |    38 |       ||    49
  Use: Scroll            |       |     3 |     6 |     4 |     1 ||    14
       Potion            |       |       |     3 |     1 |       ||     4
 Stab: Sleeping          |       |       |       |     8 |       ||     8
       Distracted        |       |       |       |     4 |       ||     4
Armor: Scale mail        |    66 |    70 |     1 |   209 |    39 ||   385
       Chain mail        |       |       |   104 |    15 |       ||   119
Dodge: Dodged            |    69 |    97 |   173 |   377 |   126 ||   842
Block: Buckler           |    36 |    44 |    67 |   186 |    59 ||   392

Table legend: (Time is in decaauts)
 A = Elapsed time spent in this place.
 B = Non-inter-level travel time spent in this place.
 C = Inter-level travel time spent in this place.
 D = Time resting spent in this place.
 E = Time spent auto-exploring this place.
 F = Levels seen in this place.
 G = Mean time per level.
                   A        B        C        D        E       F      G
               +--------+--------+--------+--------+--------+-----+--------+
         Total |  14022 |  13299 |    723 |     84 |   9718 |  19 |  738.0 |
       Dungeon |  10062 |   9405 |    657 |     66 |   7257 |  13 |  774.0 |
          Lair |   3509 |   3444 |     65 |     15 |   2461 |   5 |  701.8 |
      Gauntlet |    450 |    450 |      0 |      3 |      0 |   1 |  450.0 |
               +--------+--------+--------+--------+--------+-----+--------+

Top non-repeatable levels by time:
     D:2: 1111 daAuts
     D:7: 1056 daAuts
  Lair:2: 1042 daAuts
     D:8: 1035 daAuts
     D:1: 964 daAuts
    D:11: 955 daAuts
     D:9: 873 daAuts
     D:5: 836 daAuts
     D:4: 833 daAuts
  Lair:4: 820 daAuts
     D:6: 776 daAuts
  Lair:3: 727 daAuts
    D:10: 691 daAuts
  Lair:1: 673 daAuts
     D:3: 569 daAuts
